 Dungeon Crawl Stone Soup version 0.24.0-13-gcf9b319 (webtiles) character file.

Game seed: 6775154794746091427, levelgen mode: deterministic

9231 silenth the Archer (level 11, -6/104 HPs)
             Began as a Centaur Hunter on Feb 14, 2020.
             Was a Priest of Fedhas.
             Mangled by a blink frog (18 damage)
             ... on level 1 of the Lair of Beasts.
             The game lasted 00:17:19 (13986 turns).

silenth the Archer (Centaur Hunter)                Turns: 13986, Time: 00:17:20

Health: -6/104     AC: 12    Str: 19    XL:     11   Next: 20%
Magic:  14/14      EV: 10    Int: 13    God:    Fedhas [***...]
Gold:   491        SH:  0    Dex:  9    Spells: 10/10 levels left

rFire    . . .     SeeInvis .   a - +1 shortbow
rCold    . . .     Gourm    .   (shield currently unavailable)
rNeg     . . .     Faith    .   o - +2 leather armour {rPois}
rPois    +         Spirit   .   B - +2 helmet
rElec    .         Reflect  .   n - +0 cloak
rCorr    .         Harm     .   t - +0 pair of gloves
MR       .....                  (no barding)
Stlth    +.........             (no amulet)
HPRegen  0.27/turn              F - +3 ring of intelligence
MPRegen  0.14/turn              (no ring)

@: very quick
A: large, hooves 3, deformed body, speed 2, tough skin 3
a: Wall of Briars, Grow Ballistomycete, Renounce Religion


You were on level 1 of the Lair of Beasts.
You worshipped Fedhas.
Fedhas was most pleased with you.
You were very hungry.

You visited 3 branches of the dungeon, and saw 12 of its levels.

You collected 491 gold pieces.

Inventory:

Hand Weapons
 a - a +1 shortbow (weapon)
 b - a +3 flail
Missiles
 g - 11 arrows (quivered)
Armour
 n - a +0 cloak (worn)
 o - a +2 leather armour of poison resistance (worn)
 t - a +0 pair of gloves (worn)
 B - a +2 helmet (worn)
Jewellery
 F - a +3 ring of intelligence (left hand)
Wands
 J - a wand of flame (9)
 L - a wand of paralysis (6)
 N - a wand of enslavement (9)
Scrolls
 c - a scroll of enchant weapon {unknown}
 f - 2 scrolls of magic mapping
 l - 2 scrolls of fear
 r - 4 scrolls of remove curse
 x - 3 scrolls of teleportation
 y - a scroll of fog
 A - 2 scrolls of blinking
Potions
 d - 2 potions of heal wounds
 h - 3 potions of brilliance
 j - 4 potions of might
 k - a potion of flight
 p - 3 potions of mutation
 u - a potion of invisibility
 v - 2 potions of agility
 w - 2 potions of curing
 z - 4 potions of degeneration {unknown}
 C - a potion of berserk rage {unknown}
 I - a potion of lignification
Comestibles
 e - 22 rations


   Skills:
 + Level 12.2 Fighting
 - Level 14.0 Bows
 + Level 2.0 Armour
 + Level 2.6 Dodging
 - Level 0.4 Stealth
 + Level 5.2 Invocations
 - Level 2.1 Evocations


You had 10 spell levels left.
You didn't know any spells.
Your spell library contained the following spells:

 Spells                   Type           Power        Failure   Level  Hunger
 Sting                    Conj/Pois      #...         36%         1    ##.....
 Poisonous Vapours        Pois/Air       #.....       50%         2    ###....
 Mephitic Cloud           Conj/Pois/Air  #.......     73%         3    ####...
 Olgreb's Toxic Radiance  Pois           #.......     98%         4    #####..
 Venom Bolt               Conj/Pois      #.........   100%        5    ######.


Dungeon Overview and Level Annotations

Branches:
Dungeon (10/15)            Temple (1/1) D:4            Lair (1/6) D:9
    Orc (0/2) D:9

Altars:
Ashenzari
Cheibriados
Dithmenos
Elyvilon
Fedhas
Gozag
Hepliaklqana
Kikubaaqudgha
Makhleb
Nemelex Xobeh
Okawaru
Qazlal
Ru
Sif Muna
Trog
Uskayaw
Vehumet
Wu Jian
Xom
Yredelemnul
Zin
The Shining One

Shops:
D:8 (

Annotations:
D:5 3 runed translucent doors, ClockworkOrrery's ghost, novice GnFi
D:8 1 runed translucent door, turt's ghost, novice MiFi
D:10 Nergalle


Innate Abilities, Weirdness & Mutations

You have hooves in place of feet.
Armour fits poorly on your strangely shaped body.
You cover ground very quickly.
You have extremely tough skin. (AC +3)


Message History

The blink frog is moderately wounded.
The blink frog hits you!
* * * LOW HITPOINT WARNING * * *
Found a stone staircase leading down.
The blink frog blinks!
Firing (i - inventory)
g - 13 arrows (quivered)
Press: ? - help, Shift-Dir - straight line, f/p - blink frog
Aim: a blink frog (moderately wounded)
You shoot an arrow. The arrow hits the blink frog!
The blink frog is heavily wounded.
The blink frog hits you!
* * * LOW HITPOINT WARNING * * *
Firing (i - inventory)
g - 12 arrows (quivered)
Press: ? - help, Shift-Dir - straight line, f/p - blink frog
Aim: a blink frog (heavily wounded)
You shoot an arrow. The arrow hits the blink frog.
The blink frog is heavily wounded.
The blink frog hits you!!
You die...
Fedhas appreciates your contribution to the ecosystem.

# # # ##### .##.####
.....#P### .....ยง...####
.........(..########
.#####.##(...(..@#.#####.
.# #####..##..F........
.# #...#####........ .#
#...# #####...# ## #...##
#># . #....# # # ##...#
####


You could see a blink frog.

Vanquished Creatures
  A spiny frog (Lair:1)
  A komodo dragon (Lair:1)
  A blink frog (Lair:1)
  3 hippogriffs
  2 wyverns
  A spriggan (D:8)
  Sigmund (D:3)
  11 yaks
  Grum (D:8)
  2 steam dragons (D:8)
  6 water moccasins
  A porcupine (Lair:1)
  2 ice beasts
  An orc warrior (D:6)
  A black bear (D:6)
  7 ogres
  3 phantoms
  4 sky beasts
  3 wolves (D:8)
  2 crocodiles (Lair:1)
  6 bullfrogs
  A wyvern skeleton (D:10)
  3 scorpions
  3 killer bees (D:9)
  7 wights
  3 howler monkeys
  2 crimson imps
  2 bullfrog zombies
  4 jellies
  4 hounds
  4 orc priests
  4 orc wizards
  Jessica (D:3)
  Ijyb (D:3)
  Terence (D:2)
  An iguana (D:8)
  6 worker ants
  A hound zombie (D:8)
  A hound skeleton (D:8)
  11 adders
  9 gnolls
  3 shadow imps
  2 oozes
  3 adder zombies
  2 adder skeletons (D:4)
  A worm (D:3)
  3 dart slugs
  2 leopard geckos
  16 orcs
  2 ball pythons
  10 giant cockroaches
  11 goblins
  10 hobgoblins
  2 jackals (D:6)
  6 quokkas
  9 bats
  2 frilled lizards (D:2)
  6 kobolds
  A leopard gecko skeleton (D:5)
  9 rats
229 creatures vanquished.

Vanquished Creatures (collateral kills)
  2 blink frogs (Lair:1)
  An orc priest (D:6)
  2 orcs (D:6)
5 creatures vanquished.

Vanquished Creatures (others)
  A hornet (D:9)
  4 fungi
  A plant (Lair:1)
  2 withered plants (D:8)
8 creatures vanquished.

Grand Total: 242 creatures vanquished

Notes
Turn   | Place    | Note
-------+----------+-------------------------------------------
     0 | D:1      | silenth the Centaur Hunter began the quest for the Orb.
     0 | D:1      | Reached XP level 1. HP: 17/17 MP: 1/1
   246 | D:1      | Reached XP level 2. HP: 14/24 MP: 2/2
   545 | D:1      | Reached skill level 6 in Bows
  1127 | D:2      | Reached XP level 3. HP: 30/30 MP: 3/3
  1343 | D:2      | Noticed Terence
  1347 | D:2      | Killed Terence
  1347 | D:2      | Reached XP level 4. HP: 30/37 MP: 4/4
  1401 | D:2      | Reached skill level 3 in Fighting
  1521 | D:2      | Reached skill level 7 in Bows
  2230 | D:3      | Noticed Jessica
  2232 | D:3      | Killed Jessica
  2232 | D:3      | Reached XP level 5. HP: 36/45 MP: 5/5
  2317 | D:3      | Noticed Ijyb
  2319 | D:3      | Paralysed by Ijyb for 4 turns
  2330 | D:3      | Paralysed by Ijyb for 3 turns
  2374 | D:3      | Killed Ijyb
  2515 | D:3      | Reached skill level 8 in Bows
  2656 | D:3      | Reached skill level 4 in Fighting
  2656 | D:3      | Reached XP level 6. HP: 42/52 MP: 6/6
  3213 | D:3      | Noticed Sigmund
  3226 | D:3      | Killed Sigmund
  3226 | D:3      | Reached skill level 9 in Bows
  3226 | D:3      | Reached XP level 7. HP: 47/60 MP: 7/7
  3387 | D:3      | You fall into a shaft and drop 2 floors!
  3387 | D:5      | Entered Level 5 of the Dungeon
  3517 | D:5      | Found a hazy altar of Hepliaklqana.
  3646 | D:5      | Reached skill level 10 in Bows
  3771 | D:4      | Found a staircase to the Ecumenical Temple.
  3931 | Temple   | Entered the Ecumenical Temple
  4180 | Temple   | Became a worshipper of Fedhas Madash
  4225 | D:4      | Reached skill level 5 in Fighting
  5150 | D:5      | Reached skill level 1 in Invocations
  5296 | D:5      | Found a runed translucent gate.
  5296 | D:5      | Found a runed translucent gate.
  5300 | D:5      | Noticed ClockworkOrrery's ghost (novice GnFi)
  5308 | D:5      | Found a runed translucent gate.
  5483 | D:5      | Reached skill level 2 in Invocations
  5483 | D:5      | Reached XP level 8. HP: 69/69 MP: 9/9
  5816 | D:6      | Reached skill level 11 in Bows
  6018 | D:6      | Reached * piety under Fedhas
  6023 | D:6      | Reached skill level 3 in Invocations
  6261 | D:6      | Reached skill level 6 in Fighting
  6529 | D:6      | Reached skill level 12 in Bows
  6565 | D:6      | Reached skill level 4 in Invocations
  6797 | D:7      | Found a sparkling altar of Nemelex Xobeh.
  7025 | D:7      | Found a blossoming altar of Fedhas.
  7205 | D:7      | Reached XP level 9. HP: 70/78 MP: 12/12
  7671 | D:8      | Reached skill level 7 in Fighting
  7671 | D:8      | Reached skill level 13 in Bows
  7900 | D:8      | Reached ** piety under Fedhas
  7919 | D:8      | Found Nirautubb's Antique Weapon Emporium.
  8649 | D:8      | Found a runed translucent door.
  8659 | D:8      | Noticed Grum
  8667 | D:8      | Reached skill level 14 in Bows
  8735 | D:7      | Reached skill level 8 in Fighting
  9042 | D:8      | Reached skill level 9 in Fighting
  9285 | D:8      | Reached XP level 10. HP: 57/91 MP: 13/13
  9716 | D:8      | Noticed turt's ghost (novice MiFi)
  9984 | D:8      | Killed Grum
 10041 | D:9      | Reached skill level 10 in Fighting
 10089 | D:9      | Reached skill level 11 in Fighting
 10353 | D:9      | Found a staircase to the Lair.
 10461 | D:9      | Reached *** piety under Fedhas
 10947 | D:9      | Found a staircase to the Orcish Mines.
 11057 | D:10     | Entered Level 10 of the Dungeon
 11197 | D:10     | Got an ancient buckler
 11689 | D:10     | Noticed Nergalle
 11729 | Lair:1   | Entered Level 1 of the Lair of Beasts
 11756 | Lair:1   | HP: 9/97 [komodo dragon (8)]
 12136 | Lair:1   | Reached skill level 1 in Evocations
 12401 | Lair:1   | Reached skill level 12 in Fighting
 12521 | Lair:1   | Reached skill level 1 in Armour
 12897 | D:9      | Reached skill level 2 in Dodging
 13212 | Lair:1   | Reached XP level 11. HP: 104/104 MP: 10/14
 13378 | Lair:1   | Reached skill level 2 in Evocations
 13870 | Lair:1   | Reached skill level 5 in Invocations
 13945 | Lair:1   | HP: 8/104 [blink frog (10)]
 13979 | Lair:1   | Reached skill level 2 in Armour
 13986 | Lair:1   | Mangled by a blink frog

Levels and vault maps discovered:
D:1:      nicolae_arrival_washed_ashore, layout_basic
D:2:      layout_loops_ring, first_ration, uniq_terence
D:3:      layout_basic, lemuel_another_geyser, uniq_ijyb, uniq_jessica,
          uniq_sigmund
D:4:      layout_loops_ring, minmay_temple_entry_statues_fountains
D:5:      layout_loops_ring, gammafunk_ghost_split, basic_altar
D:6:      layout_gridville
D:7:      lemuel_ice_spiral_2, layout_rooms, nemelex_xobeh_ov_fountains_minmay,
          fedhas_altar_2
D:8:      kennysheep_steamy, layout_cave_pools, serial_shops,
          nicolae_shop_overgrown_old_shop, gammafunk_ghost_grave, the_bakery,
          minmay_chambers_of_fives, uniq_grum
D:9:      layout_basic, lair_entry_dummy, orc_0_dummy, hex_medium
D:10:     layout_loops_ring, uniq_nergalle
Temple:   compressed_dpeg_triangle_lava_temple
Lair:1:   layout_cave_pods, grunt_megastairs_4

Skill      XL: |  1  2  3  4  5  6  7  8  9 10 11 |
---------------+----------------------------------+-----
Bows           | 6 7 8 9 10 12 14 | 14.0
Fighting       | 3 4 5 6 9 12 | 12.2
Invocations    | 2 4 5 |  5.2
Evocations     | 1 2 |  2.1
Armour         | 1 2 |  2.0
Dodging        | 2 |  2.6
Stealth        | |  0.4

Action                   |  1- 3 |  4- 6 |  7- 9 | 10-12 || total
-------------------------+-------+-------+-------+-------++-------
Melee: Short sword       |    55 |   100 |       |       ||   155
       Kick              |     9 |    24 |    45 |    47 ||   125
       Flail             |       |    14 |   198 |   160 ||   372
 Fire: Shortbow          |    41 |   112 |   183 |   177 ||   513
Throw: Throwing net      |       |     1 |       |     1 ||     2
Invok: Wall of Briars    |       |       |     1 |     1 ||     2
Evoke: Wand              |       |       |     1 |    17 ||    18
  Use: Scroll            |     1 |     8 |     7 |     4 ||    20
       Potion            |       |     2 |       |     2 ||     4
 Stab: Paralysed         |       |       |       |     7 ||     7
  Eat: Chunk             |       |     6 |     5 |     9 ||    20
       Ration            |       |       |     3 |     1 ||     4
Armor: Leather armour    |    34 |    53 |   168 |   121 ||   376
Dodge: Dodged            |    27 |    79 |   125 |   124 ||   355
